 Dungeon Crawl Stone Soup version 0.27-a0-1342-ga99462a43c (webtiles) character file.

Game seed: 12915453769282886829

3161 Gargoyl the Fighter (level 9, -6/65 (75) HPs)
             Began as a Gnoll Abyssal Knight on June 27, 2021.
             Was a Believer of Lugonu.
             Mangled by a freezing wraith (10 damage)
             ... on level 7 of the Dungeon.
             The game lasted 00:11:18 (8496 turns).

Gargoyl the Fighter (Gnoll Abyssal Knight)          Turns: 8496, Time: 00:11:19

HP:   -6/65 (75)    AC: 16    Str: 14    XL:     9   Next: 94%
MP:   17/17         EV:  8    Int: 11    God:    Lugonu [**....]
Gold: 198           SH:  5    Dex: 13    Spells: 19/19 levels left

rFire    + + .     SeeInvis .   n - +1 hand axe (freeze)
rCold    + . .     Faith    .   (no shield)
rNeg     . . .     Spirit   .   b - +3 chain mail {rF+}
rPois    .         Reflect  +   (no helmet)
rElec    .         Harm     .   j - +1 cloak
rCorr    .         Rampage  .   (no gloves)
Will     .....                  (no boots)
Stlth    ..........             f - amulet of reflection
HPRegen  0.20/turn              c - ring of protection from cold
MPRegen  0.15/turn              d - ring of protection from fire

@: heavily drained
A: fangs 1, strong nose, distributed training
a: Renounce Religion, Depart the Abyss, Bend Space


You were on level 7 of the Dungeon.
You worshipped Lugonu.
Lugonu was pleased with you.
You visited 1 branch of the dungeon, and saw 8 of its levels.
You visited the Abyss 1 time.

You collected 312 gold pieces.
You spent 114 gold pieces at shops.

Inventory:

Hand Weapons
 a - a +2 hand axe
 n - a +1 hand axe of freezing (weapon)
Armour
 b - a +3 chain mail of fire resistance (worn)
 j - a +1 cloak (worn)
Jewellery
 c - a ring of protection from cold (left hand)
 d - a ring of protection from fire (right hand)
 f - an amulet of reflection (around neck)
 o - a ring of flight
Wands
 p - a wand of iceblast (9)
Scrolls
 e - a scroll of fear
 k - 5 scrolls of identify
 l - a scroll of silence
Potions
 h - a potion of magic
 i - a potion of attraction
 m - a potion of cancellation


   Skills:
 + Level 8.8 Fighting
 + Level 5.7 Short Blades
 + Level 5.7 Long Blades
 + Level 7.4 Axes
 + Level 5.7 Maces & Flails
 + Level 5.7 Polearms
 + Level 5.7 Staves
 + Level 5.7 Slings
 + Level 5.7 Bows
 + Level 5.7 Crossbows
 + Level 5.7 Throwing
 + Level 7.4 Armour
 + Level 6.3 Dodging
 + Level 5.7 Stealth
 + Level 5.7 Shields
 + Level 5.7 Unarmed Combat
 + Level 5.7 Spellcasting
 + Level 4.7 Conjurations
 + Level 4.7 Hexes
 + Level 4.7 Summonings
 + Level 4.7 Necromancy
 + Level 4.7 Translocations
 + Level 4.7 Transmutations
 + Level 4.7 Fire Magic
 + Level 4.7 Ice Magic
 + Level 4.7 Air Magic
 + Level 4.7 Earth Magic
 + Level 4.7 Poison Magic
 + Level 7.9 Invocations
 + Level 5.7 Evocations


You had 19 spell levels left.
You didn't know any spells.
Your spell library contained the following spells:

 Spells                   Type           Power      Damage    Failure   Level
 Confusing Touch          Hex            13%        N/A       82%         3
 Gell's Gravitas          Tloc           6%         N/A       82%         3
 Petrify                  Tmut/Erth      13%        N/A       99%         4
 Metabolic Englaciation   Hex/Ice        6%         N/A       100%        5
 Yara's Violent Unravell  Hex/Tmut       6%         3d5       100%        5


Dungeon Overview and Level Annotations

Branches:
Dungeon (8/15)             Temple (0/1) D:5
   Lair: D:8-11

Altars:
Cheibriados
Makhleb
Qazlal
Ru
Xom
Zin

Shops:
D:1 !=*![   D:2 (   D:4 (   D:5 :   D:7 (

Annotations:
D:8 Gastronok, Harold, Joseph


Innate Abilities, Weirdness & Mutations

You have very sharp teeth.
Your uncanny sense of smell can sniff out nearby items.
Your experience applies equally to all skills.


Message History

The bullfrog closely misses you.
You climb upwards.
Reactivating autopickup.
There is a stone staircase leading down here.
Unknown command.
Okay, then.
Okay, then.
You closely miss the bullfrog. You block the bullfrog's attack.
You hit the bullfrog. You freeze the bullfrog.
The bullfrog is lightly wounded.
The bullfrog closely misses you.
The bullfrog hits you but does no damage.
You slash the bullfrog!
The bullfrog seems to slow down.
You freeze the bullfrog.
The bullfrog is severely wounded.
The bullfrog misses you.
You miss the bullfrog.
The bullfrog is severely wounded.
The bullfrog barely misses you.
You closely miss the bullfrog. You bite the bullfrog.
The bullfrog is almost dead.
The bullfrog is no longer moving slowly.
You slash the bullfrog! You freeze the bullfrog.
You kill the bullfrog!
Lugonu accepts your kill.
You see here a bullfrog corpse.
You start resting.
An ice devil is nearby!
Okay, then.
Unknown command.
You see here a bullfrog corpse.
The sentinel's mark upon you fades away.
There is a stone staircase leading down here.
A freezing wraith comes into view.
The freezing wraith hits you but does no damage. x2
There is a stone staircase leading up here.
The freezing wraith hits you!
* * * LOW HITPOINT WARNING * * *
The freezing wraith freezes you! You resist.
You die...

...............#...#......>†..#..
..#.........####..##.............
.##......................#.......
.##..#.####...#..................
##...#.......##...............(..
##...............................
###....#...........4z..###+####..
#...####............z.#≈≈.≈≈##..
####.#.........@W...###§≈.≈≈#...
####.............#.+..∩..§...
#######.......#.#§≈§≈≈###.
##........#§≈§≈≈# #.
#.........###'#####. ∆ ≈..# ∆
#..........##)# ... ##≈..#
##........###.###... ##≈≈#..#
#.........###....... ≈≈#....
#..........##.......


You could see an ice devil, a freezing wraith and 2 wights.

Vanquished Creatures
  A wyvern (D:7)
  2 water moccasins (D:5)
  Duvessa (D:6)
  A black bear (D:5)
  2 ice beasts
  A sky beast (D:6)
  A centaur (D:6)
  A phantom (D:6)
  2 bullfrogs (D:7)
  A scorpion (D:5)
  Dowan (D:6)
  5 howler monkeys
  2 hounds
  A centaur zombie (D:7)
  A jelly (D:4)
  5 orc priests
  Terence (D:3)
  A gnoll shaman (D:8)
  2 orc wizards (D:6)
  An iguana (D:4)
  A killer bee zombie (D:6)
  A hound skeleton (D:4)
  7 gnolls
  3 howler monkey skeletons
  6 adders
  A shadow imp (D:7)
  6 white imps
  2 ufetubi (D:4)
  2 adder skeletons (D:4)
  A worm (D:5)
  2 dart slugs
  13 orcs
  4 ball pythons
  2 bats
  5 endoplasms
  4 giant cockroaches
  8 hobgoblins
  6 jackals
  5 quokkas
  7 goblins
  10 kobolds
  A quokka skeleton (D:4)
  6 rats
136 creatures vanquished.

Vanquished Creatures (others)
  A white imp (D:5)
  An ufetubus (D:5)
  8 fungi (D:6)
10 creatures vanquished.

Grand Total: 146 creatures vanquished

Notes
Turn   | Place    | Note
-------+----------+-------------------------------------------
     0 | Abyss:1  | Gargoyl the Gnoll Abyssal Knight began the quest for the
                  | Orb.
     0 | Abyss:1  | Reached XP level 1. HP: 23/23 MP: 3/3
     0 | Abyss:1  | Found a bloodstained altar of Trog.
    17 | Abyss:1  | Noticed a tentacled starspawn
    26 | D:1      | Escaped the Abyss
   273 | D:1      | Found Luefyloo's Distillery.
   277 | D:1      | Found Dexapas's Antique Armour Emporium.
   475 | D:1      | Reached XP level 2. HP: 23/29 MP: 5/5
   736 | D:1      | Found Xokhlur's Jewellery Shoppe.
   767 | D:1      | Found Wamaomy's Distillery.
   786 | D:1      | Found a faded altar of an unknown god.
  1027 | D:1      | Found Deedemis's Assorted Antiques.
  1297 | D:2      | Found Oguibes's Antique Weapon Boutique.
  1603 | D:2      | Reached * piety under Lugonu
  1607 | D:2      | Reached XP level 3. HP: 35/35 MP: 6/6
  2097 | D:3      | Noticed Terence
  2119 | D:3      | Killed Terence
  2120 | D:3      | Reached skill level 1 in Short Blades
  2120 | D:3      | Reached skill level 1 in Long Blades
  2120 | D:3      | Reached skill level 1 in Maces & Flails
  2120 | D:3      | Reached skill level 1 in Polearms
  2120 | D:3      | Reached skill level 1 in Staves
  2120 | D:3      | Reached skill level 1 in Slings
  2120 | D:3      | Reached skill level 1 in Bows
  2120 | D:3      | Reached skill level 1 in Crossbows
  2120 | D:3      | Reached skill level 1 in Throwing
  2120 | D:3      | Reached skill level 1 in Stealth
  2120 | D:3      | Reached skill level 1 in Shields
  2120 | D:3      | Reached skill level 1 in Unarmed Combat
  2120 | D:3      | Reached skill level 1 in Spellcasting
  2120 | D:3      | Reached skill level 1 in Evocations
  2375 | D:3      | Reached XP level 4. HP: 41/41 MP: 7/7
  2631 | D:3      | Found a sacrificial altar of Ru.
  3214 | D:3      | Reached skill level 1 in Conjurations
  3214 | D:3      | Reached skill level 1 in Hexes
  3214 | D:3      | Reached skill level 1 in Summonings
  3214 | D:3      | Reached skill level 1 in Necromancy
  3214 | D:3      | Reached skill level 1 in Translocations
  3214 | D:3      | Reached skill level 1 in Transmutations
  3214 | D:3      | Reached skill level 1 in Fire Magic
  3214 | D:3      | Reached skill level 1 in Ice Magic
  3214 | D:3      | Reached skill level 1 in Air Magic
  3214 | D:3      | Reached skill level 1 in Earth Magic
  3214 | D:3      | Reached skill level 1 in Poison Magic
  3220 | D:3      | Reached XP level 5. HP: 23/47 MP: 8/8
  3428 | D:3      | Found a burning altar of Makhleb.
  3428 | D:3      | Noticed an Executioner
  3431 | D:3      | Noticed a ynoxinul
  3431 | D:3      | Noticed a ynoxinul
  3617 | D:4      | Reached ** piety under Lugonu
  3672 | D:4      | Reached skill level 5 in Invocations
  3677 | D:4      | Reached XP level 6. HP: 29/53 MP: 9/9
  3951 | D:4      | Reached skill level 5 in Axes
  3951 | D:4      | Reached skill level 5 in Armour
  4426 | D:4      | Found a shimmering altar of Xom.
  4428 | D:4      | Noticed an angel
  4433 | D:4      | Found a glowing silver altar of Zin.
  4467 | D:4      | Found Fyaczino's Antique Weapon Emporium.
  4579 | D:2      | Bought a glowing hand axe for 114 gold pieces
  4754 | D:5      | Entered Level 5 of the Dungeon
  4820 | D:5      | Noticed a water moccasin
  4837 | D:5      | Killed a water moccasin
  4838 | D:5      | Reached skill level 7 in Fighting
  4838 | D:5      | Reached XP level 7. HP: 48/60 MP: 10/10
  4855 | D:5      | Reached skill level 8 in Fighting
  4855 | D:5      | Reached skill level 5 in Short Blades
  4855 | D:5      | Reached skill level 5 in Long Blades
  4855 | D:5      | Reached skill level 5 in Maces & Flails
  4855 | D:5      | Reached skill level 5 in Polearms
  4855 | D:5      | Reached skill level 5 in Staves
  4855 | D:5      | Reached skill level 5 in Slings
  4855 | D:5      | Reached skill level 5 in Bows
  4855 | D:5      | Reached skill level 5 in Crossbows
  4855 | D:5      | Reached skill level 5 in Throwing
  4855 | D:5      | Reached skill level 5 in Dodging
  4855 | D:5      | Reached skill level 5 in Stealth
  4855 | D:5      | Reached skill level 5 in Shields
  4855 | D:5      | Reached skill level 5 in Unarmed Combat
  4855 | D:5      | Reached skill level 5 in Spellcasting
  4855 | D:5      | Reached skill level 5 in Evocations
  4855 | D:5      | Reached XP level 8. HP: 49/69 MP: 10/15
  5239 | D:5      | Found a staircase to the Ecumenical Temple.
  5449 | D:5      | Found a stormy altar of Qazlal.
  5739 | D:5      | Found Matureuq's Book Boutique.
  6349 | D:6      | Noticed Duvessa
  6357 | D:6      | Noticed Dowan
  6363 | D:6      | Reached XP level 9. HP: 39/75 MP: 17/17
  6368 | D:6      | Killed Duvessa
  6374 | D:6      | Killed Dowan
  6563 | D:6      | Found a snail-covered altar of Cheibriados.
  7343 | D:7      | Reached *** piety under Lugonu
  7383 | D:7      | Noticed a freezing wraith
  7387 | D:7      | Banished a freezing wraith
  7514 | D:7      | Noticed a freezing wraith
  7539 | D:7      | Banished a freezing wraith
  7555 | D:7      | Noticed an ice devil
  7762 | D:7      | Found Oher's Antique Weapon Emporium.
  7874 | D:7      | Noticed an ice devil
  8323 | D:8      | Noticed Harold
  8345 | D:8      | Noticed Joseph
  8451 | D:8      | Noticed Gastronok
  8488 | D:7      | Noticed a freezing wraith
  8496 | D:7      | Mangled by a freezing wraith

Illustrated notes

Levels and vault maps discovered:
D:1:      evilmike_arrival_rings, layout_basic, ebering_ecumenical_altar_mist,
          serial_shops, shop, shop, nicolae_lakefront_shop, shop, shop
D:2:      layout_basic, serial_shops, shop, kennysheep_nondescript,
          grunt_ministairs_2, glass_columns_b, minmay_misc_feat_more_columns,
          minmay_increasing_density
D:3:      layout_basic, makhleb_altar_promises_db, lemuel_crystal_altar,
          hex_large, uniq_terence
D:4:      minmay_octagon_keep, layout_cave_pools,
          grunt_temple_overflow_order_and_chaos_1, serial_shops, shop
D:5:      layout_loops_ring, grunt_qazlal_clouds,
          minmay_temple_entry_purple_smoke, serial_shops, kennysheep_mini
D:6:      layout_loops_corners, kennysheep_slug_shrine, serial_aquarium,
          aquarium_bridge_long_joined [aquarium_subvault_wall,
          aquarium_subvault_wall, aquarium_subvault_balcony,
          aquarium_subvault_bridge, aquarium_subvault_wall,
          aquarium_subvault_bridge], aquarium_bridge_square
          [aquarium_subvault_bridge, aquarium_subvault_window,
          aquarium_subvault_wall, aquarium_subvault_window],
          aquarium_window_fake, aquarium_window_2, aquarium_window_corner,
          aquarium_window_fake, aquarium_view_2d,
          hangedman_abyss_or_decor_passed, uniq_duvessa
D:7:      layout_cave_pools, serial_shops, kennysheep_little_box,
          hellmonk_guarded_unrand_frostbite
D:8:      layout_cave_pools, yredelemnul_forgotten_temple_becter,
          erik_lair_dragon, serial_shops, shop, minmay_misc_feat_columns,
          minmay_bent, uniq_joseph, uniq_erica, uniq_gastronok, uniq_harold

Skill      XL: |  1  2  3  4  5  6  7  8 |
---------------+-------------------------+-----
Short Blades   | 1 2 5 |  5.7
Long Blades    | 1 2 5 |  5.7
Maces & Flails | 1 2 5 |  5.7
Polearms       | 1 2 5 |  5.7
Staves         | 1 2 5 |  5.7
Slings         | 1 2 5 |  5.7
Bows           | 1 2 5 |  5.7
Crossbows      | 1 2 5 |  5.7
Throwing       | 1 2 5 |  5.7
Stealth        | 1 2 5 |  5.7
Shields        | 1 2 5 |  5.7
Unarmed Combat | 1 2 5 |  5.7
Spellcasting   | 1 2 5 |  5.7
Evocations     | 1 2 5 |  5.7
Conjurations   | 1 4 |  4.7
Hexes          | 1 4 |  4.7
Summonings     | 1 4 |  4.7
Necromancy     | 1 4 |  4.7
Translocations | 1 4 |  4.7
Transmutations | 1 4 |  4.7
Fire Magic     | 1 4 |  4.7
Ice Magic      | 1 4 |  4.7
Air Magic      | 1 4 |  4.7
Earth Magic    | 1 4 |  4.7
Poison Magic   | 1 4 |  4.7
Dodging        | 3 5 6 |  6.3
Invocations    | 5 7 |  7.9
Axes           | 5 7 |  7.4
Armour         | 5 7 |  7.4
Fighting       | 7 8 |  8.8

Action                   |  1- 3 |  4- 6 |  7- 9 || total
-------------------------+-------+-------+-------++-------
Melee: Hand axe          |    96 |   190 |   343 ||   629
       Bite              |     8 |    20 |    48 ||    76
       Punch             |       |     4 |     7 ||    11
Invok: Depart the Abyss  |     1 |       |       ||     1
       Banish            |       |       |     3 ||     3
  Use: Scroll            |     8 |       |     8 ||    16
       Potion            |     1 |     6 |     8 ||    15
Armor: Leather armour    |     3 |       |       ||     3
       Plate armour      |    32 |       |       ||    32
       Ring mail         |     5 |       |       ||     5
       Skin              |     7 |       |       ||     7
       Chain mail        |     2 |   132 |   203 ||   337
Dodge: Dodged            |    35 |    62 |   132 ||   229
Block: Other             |       |       |    64 ||    64
       Reflection        |       |       |     4 ||     4

Table legend: (Time is in decaauts)
 A = Elapsed time spent in this place.
 B = Non-inter-level travel time spent in this place.
 C = Inter-level travel time spent in this place.
 D = Time resting spent in this place.
 E = Time spent auto-exploring this place.
 F = Levels seen in this place.
 G = Mean time per level.
                   A        B        C        D        E       F      G
               +--------+--------+--------+--------+--------+-----+--------+
         Total |   8499 |   8217 |    282 |    578 |   6099 |   9 |  944.3 |
       Dungeon |   8473 |   8191 |    282 |    578 |   6098 |   8 | 1059.1 |
         Abyss |     26 |     26 |      0 |      0 |      1 |   1 |   26.0 |
               +--------+--------+--------+--------+--------+-----+--------+

Top non-repeatable levels by time:
     D:3: 1554 daAuts
     D:6: 1391 daAuts
     D:1: 1147 daAuts
     D:5: 1096 daAuts
     D:7: 1083 daAuts
     D:4: 1075 daAuts
     D:2: 967 daAuts
     D:8: 157 daAuts
 Abyss:1: 26 daAuts
